 Dungeon Crawl Stone Soup version 0.19-a0-1037-g36c65c9 (webtiles) character file.

165 rageheart7 the Twirler (level 5, -6/42 HPs)
             Began as a Demonspawn Gladiator on July 29, 2016.
             Mangled by an ogre
             ... wielding a +0 giant club
              (28 damage)
             ... on level 4 of the Dungeon.
             The game lasted 00:05:00 (2291 turns).

rageheart7 the Twirler (Demonspawn Gladiator)       Turns: 2291, Time: 00:05:00

Health: -6/42      AC:  6    Str: 16    XL:     5   Next: 21%
Magic:  5/5        EV: 11    Int: 10    God:
Gold:   195        SH:  0    Dex: 13    Spells: 0 memorised, 4 levels left

rFire  . . .     SeeInvis .     z - +0 lajatang
rCold  . . .     Gourm    .     a - +0 ring mail
rNeg   . . .     Faith    .     (shield currently unavailable)
rPois  .         Spirit   .     (helmet restricted)
rElec  .         Dismiss  .     h - +0 cloak
rCorr  .         Reflect  .     (no gloves)
SustAt .         Harm     .     (no boots)
MR     .....                    r - amulet of regeneration
Stlth  +.........               (no ring)
                                (no ring)

@: drained, not resistant to hostile enchantments, very unstealthy
A: antennae 2
a: no special abilities


You were on level 4 of the Dungeon.
You were not hungry.

You visited 1 branch of the dungeon, and saw 4 of its levels.

You collected 195 gold pieces.

Inventory:

Hand Weapons
 b - a +0 quarterstaff
 z - a +0 lajatang (weapon)
Missiles
 d - 3 throwing nets (quivered)
Armour
 a - a +0 ring mail (worn)
 h - a +0 cloak (worn)
 y - a +1 helmet
Jewellery
 r - an amulet of regeneration (around neck)
Scrolls
 c - a scroll of remove curse
 j - a scroll of enchant armour {unknown}
 l - a scroll of random uselessness {unknown}
 m - a scroll of enchant weapon {unknown}
 o - a scroll of teleportation {unknown}
 p - 4 scrolls of immolation {unknown}
 s - a scroll of identify {unknown}
 u - a scroll of fear {unknown}
 w - a scroll of fog {unknown}
Potions
 e - 2 potions of curing {unknown}
 i - 2 potions of mutation {unknown}
 k - 2 potions of heal wounds {unknown}
 q - 2 potions of might {unknown}
 t - a potion of cancellation {unknown}
 v - a potion of resistance {unknown}
 B - a potion of degeneration {unknown}
 C - a potion of lignification {unknown}
Comestibles
 f - 4 bread rations
 g - 3 fruits
 n - 4 chunks of flesh
 x - a slice of pizza
 A - 2 meat rations
 E - a beef jerky


   Skills:
 * Level 3.7(3.0) Fighting
 * Level 4.5(3.8) Staves
 - Level 1.7(1.1) Throwing
 - Level 2.6(2.0) Dodging


You had 4 spell levels left.
You didn't know any spells.

Dungeon Overview and Level Annotations

Branches:
Dungeon (4/15)
 Temple: D:4-7

Altars:
Makhleb
Yredelemnul
Zin


Innate Abilities, Weirdness & Mutations

You have a pair of antennae on your head.


Message History

The orc priest miscasts a cantrip.
The ogre hits you but does no damage. The orc hits you but does no damage.
You slash the ogre!
The ogre is heavily wounded.
The orc closely misses you. The ogre hits you with a giant club!
You hit the ogre.
The ogre is severely wounded.
The orc misses you.
You barely miss the ogre.
The ogre is severely wounded.
The ogre hits you but does no damage. The orc barely misses you.
You hit the ogre but do no damage.
The ogre is severely wounded.
The ogre misses you. The orc closely misses you.
The orc priest casts a cantrip, but nothing happens.
You closely miss the ogre.
The ogre is severely wounded.
The orc closely misses you. The ogre hits you with a giant club!!
Ouch! That really hurt!
You die...

#######
...#####.......
#O.....<.######
....###).......
# #O####### #@#
#o# #o# .h# ..$
#..# .#.# ##.#


You could see an ogre, a hound, an orc priest and an orc.

Vanquished Creatures
  Jessica (D:3)
  An orc wizard (D:4)
  4 adders (D:2)
  A worm (D:2)
  2 dart slugs (D:3)
  2 giant geckos
  An orc (D:3)
  2 ball pythons (D:3)
  4 giant cockroaches
  2 gnoll zombies (D:3)
  8 goblins
  11 hobgoblins
  11 kobolds
  A quokka (D:2)
  4 bats
  12 rats
67 creatures vanquished.

Notes
Turn   | Place    | Note
-------+----------+-------------------------------------------
     0 | D:1      | rageheart7 the Demonspawn Gladiator began the quest for the Orb.
     0 | D:1      | Reached XP level 1. HP: 16/16 MP: 1/1
   265 | D:1      | Reached skill level 3 in Staves
   273 | D:1      | Gained mutation: You have a pair of small antennae on your head. [demonic ancestry]
   273 | D:1      | Reached XP level 2. HP: 19/22 MP: 2/2
   733 | D:1      | Reached XP level 3. HP: 25/28 MP: 3/3
  1132 | D:2      | Reached skill level 4 in Staves
  1245 | D:2      | Gained mutation: You have a pair of antennae on your head. [demonic ancestry]
  1245 | D:2      | Reached XP level 4. HP: 27/34 MP: 4/4
  1311 | D:2      | Found a glowing silver altar of Zin.
  1693 | D:3      | Noticed Jessica
  1696 | D:3      | Killed Jessica
  1960 | D:3      | Found a burning altar of Makhleb.
  2054 | D:3      | Found a basalt altar of Yredelemnul.
  2123 | D:3      | Reached XP level 5. HP: 41/41 MP: 5/5
  2278 | D:4      | Noticed an ogre
  2291 | D:4      | Mangled by an ogre

Vault maps used:
D:1:      sevenhm_arrival_forest_fort_large_2, minmay_tromino_v7
D:2:      zin_scriptorium
D:3:      lemuel_zombie_altar_yredelemnul, lemuel_coloured_pillars_altar,
          first_bread, uniq_jessica
D:4:      elyvilon_altar_4, kennysheep_okawaru_gauntlet, corexii_shack,
          trog_book

Skill      XL: |  1  2  3  4 |
---------------+-------------+-----
Staves         | 3 4 |  4.5
Fighting       | 3 |  3.7
Throwing       | |  1.7
Dodging        | |  2.6

Action                   |  1- 3 |  4- 6 || total
-------------------------+-------+-------++-------
Melee: Quarterstaff      |   101 |       ||   101
       Lajatang          |    39 |    85 ||   124
  Use: Scroll            |       |     1 ||     1
 Stab: Sleeping          |     1 |       ||     1
  Eat: Chunk             |     1 |     4 ||     5
Armor: Leather armour    |    28 |       ||    28
       Ring mail         |    23 |    35 ||    58
Dodge: Dodged            |   110 |    56 ||   166
